 Dungeon Crawl Stone Soup version 0.21-a0-426-g98080a9 (webtiles) character file.

690 kae the Insei (level 7, -5/52 HPs)
             Began as a Green Draconian Transmuter on Nov 6, 2017.
             Slain by a killer bee zombie (6 damage)
             ... on level 5 of the Dungeon.
             The game lasted 00:07:00 (5840 turns).

kae the Insei (Green Draconian Transmuter)          Turns: 5840, Time: 00:07:01

Health: -5/52      AC:  6    Str: 12    XL:     7   Next: 36%
Magic:  13/13      EV: 12    Int: 13    God:
Gold:   159        SH:  0    Dex: 14    Spells: 8/14 levels left

rFire    . . .     SeeInvis .   e - +1 dagger (speed)
rCold    . . .     Gourm    .   (no shield)
rNeg     . . .     Faith    .   (armour unavailable)
rPois    +         Spirit   .   (helmet restricted)
rElec    .         Reflect  .   (no cloak)
rCorr    .         Harm     .   (no gloves)
MR       .....                  (no boots)
Stlth    +.........             (no amulet)
HPRegen  0.17/turn              (no ring)
MPRegen  0.13/turn              (no ring)

@: no status effects
A: breathe noxious fumes, unfitting armour, poison resistance, cold-blooded, AC
+6
a: Breathe Noxious Fumes


You were on level 5 of the Dungeon.
You were hungry.

You visited 1 branch of the dungeon, and saw 5 of its levels.
You also visited: Sewer.

You collected 159 gold pieces.

Inventory:

Hand Weapons
 d - a +0 mace
 e - a +1 dagger of speed (weapon)
Missiles
 a - 37 arrows
Jewellery
 t - an uncursed ring of poison resistance {unknown}
Scrolls
 h - a scroll of recharging {unknown}
 l - a scroll of amnesia
 m - 3 scrolls of remove curse
 n - a scroll of enchant weapon {unknown}
 v - 2 scrolls of identify
 w - a scroll of enchant armour
Potions
 g - 2 potions of flight {unknown}
 i - a potion of brilliance {unknown}
 k - a potion of heal wounds
 o - 3 potions of might {unknown}
 p - a potion of haste {unknown}
 q - 2 potions of curing {unknown}
 s - 3 potions of lignification {unknown}
 u - a potion of resistance {unknown}
Books
 b - a book of Changes

   Spells                             Type                      Level
   a - Beastly Appendage              Transmutation                1
   b - Sticks to Snakes               Transmutation                2
   c - Spider Form                    Transmutation/Poison         3
   d - Ice Form                       Ice/Transmutation            4
   e - Blade Hands                    Transmutation                5
Comestibles
 c - 4 bread rations
 f - 2 royal jellies
 j - a fruit
 r - 2 meat rations


   Skills:
 - Level 1.1 Fighting
 - Level 1.7 Dodging
 * Level 6.5 Unarmed Combat
 + Level 4.0 Spellcasting
 + Level 4.4 Transmutations


You had 8 spell levels left.
You knew the following spells:

 Your Spells              Type           Power        Failure   Level  Hunger
a - Beastly Appendage     Tmut           ##....       3%          1    None
b - Sticks to Snakes      Tmut           ##......     4%          2    ##.....
c - Spider Form           Tmut/Pois      #.........   24%         3    ###....


Dungeon Overview and Level Annotations

Branches:
Dungeon (5/15)
 Temple: D:4-7

Altars:
Makhleb
Okawaru
Qazlal
Vehumet
Yredelemnul

Annotations:
D:4 Mitsuki's ghost, novice HOFi
D:5 Grinder


Innate Abilities, Weirdness & Mutations

You can breathe blasts of noxious fumes.
Your lurid green scales are hard. (AC +6)
You cannot fit into any form of body armour.
Your system is resistant to poisons. (rPois)
You are cold-blooded and may be slowed by cold attacks.


Message History

The killer bee zombie hits you.
* * * LOW HITPOINT WARNING * * *
The giant cockroach bites you but does no damage.
The killer bee zombie hits you.
* * * LOW HITPOINT WARNING * * *
Grinder blinks!
The killer bee zombie closely misses you.
Grinder blinks!
The killer bee zombie closely misses you.
The killer bee zombie hits you but does no damage.
The killer bee zombie hits you.
* * * LOW HITPOINT WARNING * * *
The killer bee zombie hits you.
* * * LOW HITPOINT WARNING * * *
The killer bee zombie hits you.
* * * LOW HITPOINT WARNING * * *
Grinder blinks!
The giant cockroach closely misses you.
There is a stone staircase leading up here.
The killer bee zombie hits you.
You die...

#.# #...###.#####.. #.#
#.............. #.#
#...>.........# #.#
#..####.#####.# #.#
#.............# #.#
##.####.#######
#.##############.# #>#
#................####.#
#.###########@Z...5...#
#.#####.......s.....#.#
#.....#.####..........#
#.###.# #.#######..#
#.# #.# #. #..# ###.#
#.# #. #..# #...###.#
#. #.5# #.#.....# #.
#..# #.#.##### #..#


You could see Grinder, a killer bee zombie and a giant cockroach.

Vanquished Creatures
  A slave (D:5)
  A phantom (D:4)
  A big kobold (Sewer)
  A scorpion (D:4)
  A crimson imp (D:4)
  A centaur skeleton (D:4)
  A hound (D:5)
  2 orc wizards (D:4)
  3 worker ants
  3 gnolls (D:3)
  7 adders
  2 river rats (Sewer)
  A shadow imp (D:3)
  4 worms
  2 dart slugs (D:1)
  7 leopard geckos
  20 orcs
  6 giant cockroaches
  6 goblins
  7 hobgoblins
  10 jackals
  4 quokkas
  3 ball pythons
  A ball python skeleton (D:4)
  5 bats
  8 frilled lizards
  A jackal skeleton (D:5)
  12 kobolds
  11 rats
132 creatures vanquished.

Vanquished Creatures (others)
  2 fungi (D:5)
2 creatures vanquished.

Grand Total: 134 creatures vanquished

Notes
Turn   | Place    | Note
-------+----------+-------------------------------------------
     0 | D:1      | kae the Draconian Transmuter began the quest for the Orb.
     0 | D:1      | Reached XP level 1. HP: 16/16 MP: 3/3
   138 | D:1      | Reached XP level 2. HP: 15/23 MP: 3/5
   489 | D:1      | Reached XP level 3. HP: 23/28 MP: 4/6
   822 | D:2      | Reached skill level 4 in Unarmed Combat
   960 | D:2      | Reached XP level 4. HP: 20/35 MP: 5/7
  1369 | D:2      | Found a stormy altar of Qazlal.
  1369 | D:2      | Found a basalt altar of Yredelemnul.
  1582 | D:3      | Found a glowing drain.
  1609 | Sewer    | Entered a sewer
  1927 | Sewer    | Noticed a big kobold
  1951 | Sewer    | Killed a big kobold
  1951 | Sewer    | Reached XP level 5. HP: 26/40 MP: 9/9
  2082 | Sewer    | Learned a level 2 spell: Sticks to Snakes
  2086 | Sewer    | Learned a level 3 spell: Spider Form
  2107 | Sewer    | Found a white marble altar of Elyvilon.
  2447 | D:3      | Reached skill level 5 in Unarmed Combat
  2921 | D:3      | Found an iron altar of Okawaru.
  3115 | D:4      | Noticed Mitsuki's ghost (novice HOFi)
  3152 | D:3      | Reached XP level 6. HP: 38/47 MP: 10/10
  4725 | D:4      | Reached skill level 6 in Unarmed Combat
  4725 | D:4      | Your scales start taking on a lurid green colour.
  4725 | D:4      | Reached XP level 7. HP: 14/52 MP: 12/12
  4725 | D:4      | Gained mutation: Your system is resistant to poisons. (rPois) [Green Draconian growth]
  5125 | D:4      | Found a burning altar of Makhleb.
  5126 | D:4      | Found a radiant altar of Vehumet.
  5356 | D:5      | Entered Level 5 of the Dungeon
  5781 | D:5      | Noticed Grinder
  5791 | D:5      | Paralysed by Grinder for 5 turns
  5839 | D:5      | HP: 1/52 [killer bee zombie (4)]
  5840 | D:5      | Slain by a killer bee zombie

Vault maps used:
D:1:      eino_arrival_water_cross
D:2:      chequers_temple_overflow_statue_of_worship
D:3:      cheibrodos_sewer_entry_drain, okawaru_trees_1
D:4:      grunt_temple_overflow_lords_of_destruction, lemuel_crystal_altar
D:5:      first_bread, water_boxes_lemuel, uniq_grinder, uniq_pikel,
          uniq_blork_the_orc
Sewer:    sewer_kobolds

Skill      XL: |  1  2  3  4  5  6  7 |
---------------+----------------------+-----
Unarmed Combat | 4 5 6 |  6.5
Spellcasting   | 3 4 |  4.0
Transmutations | 3 4 |  4.4
Fighting       | |  1.1
Dodging        | |  1.7

Action                   |  1- 3 |  4- 6 |  7- 9 || total
-------------------------+-------+-------+-------++-------
Melee: Dagger            |   156 |   454 |   187 ||   797
       Mace              |    12 |       |       ||    12
       Tailslap          |    20 |    52 |    26 ||    98
       Kick              |     1 |    34 |       ||    35
       Headbutt          |     1 |    15 |       ||    16
       Punch             |     1 |     5 |     3 ||     9
       Unarmed           |       |    16 |     1 ||    17
 Cast: Beastly Appendage |     6 |    17 |       ||    23
       Spider Form       |       |     3 |     1 ||     4
       Sticks to Snakes  |       |       |     1 ||     1
 Abil: Breathe Noxious F |       |       |     3 ||     3
  Use: Scroll            |       |     7 |     1 ||     8
       Potion            |       |     1 |       ||     1
 Stab: Sleeping          |     1 |     1 |       ||     2
       Confused          |       |       |     4 ||     4
  Eat: Chunk             |       |    12 |     4 ||    16
       Fruit             |       |     1 |       ||     1
Armor: Skin              |    33 |    96 |    40 ||   169
Dodge: Dodged            |    91 |   210 |    77 ||   378

Table legend:
 A = Spawn XP
 B = Non-spawn XP
 C = Spawn XP percentage of total XP
 D = Spawn monster count
 E = Non-spawn monster count
 F = Spawn count percentage of total count
 G = Total turns spent on level
                    A         B        C        D         E        F      G
               +---------+---------+-------+---------+---------+-------+---------
         Total |       0 |     986 |   0.0 |       0 |     131 |   0.0 |  5840
               +---------+---------+-------+---------+---------+-------+---------
           D:1 |       0 |      50 |   0.0 |       0 |      30 |   0.0 |   662
           D:2 |       0 |      69 |   0.0 |       0 |      22 |   0.0 |   915
           D:3 |       0 |     157 |   0.0 |       0 |      34 |   0.0 |  1333
           D:4 |       0 |     465 |   0.0 |       0 |      26 |   0.0 |  1904
           D:5 |       0 |     110 |   0.0 |       0 |       8 |   0.0 |   484
         Sewer |       0 |     135 |   0.0 |       0 |      11 |   0.0 |   542
               +---------+---------+-------+---------+---------+-------+---------
